 Dungeon Crawl Stone Soup version 0.30.2 (webtiles) character file.

Game seed: 860713897072414876

2034 porpoise the Cleaver (level 9, 0/76 (79) HPs)
             Began as a Hill Orc Fighter on Mar 29, 2024.
             Was an Elder of Qazlal.
             Slain by a wight
             ... wielding a +5 halberd
              (2 damage)
             ... on level 7 of the Dungeon.
             The game lasted 00:16:36 (6036 turns).

porpoise the Cleaver (Hill Orc Fighter)             Turns: 6036, Time: 00:16:37

HP:   0/76 (79)     AC: 11    Str: 23    XL:     9   Next: 24%
MP:   13/13         EV:  9    Int:  8    God:    Qazlal [****..]
Gold: 350           SH: 10    Dex: 10    Spells: 8/8 levels left

rFire   . . .        a - +2 hand axe (venom)
rCold   . . .        c - +0 buckler
rNeg    . . .        h - +0 chain mail
rPois   .            (no helmet)
rElec   .            g - +0 cloak
rCorr   .            (no gloves)
SInv    .            (no boots)
Will    .....        (no amulet) Stlth
                     (no ring)
HPRegen 0.32/turn    (no ring)
MPRegen 0.13/turn

%: repel missiles
@: lightly drained
A: no striking features
a: Renounce Religion, Upheaval, Elemental Force


You were on level 7 of the Dungeon.
You worshipped Qazlal.
Qazlal was greatly pleased with you.
You visited 1 branch of the dungeon, and saw 7 of its levels.

You collected 350 gold pieces.

Inventory:

Hand Weapons
 a - a +2 hand axe of venom (weapon)
 b - a +0 sling
 w - a +0 war axe
Missiles
 u - 12 boomerangs
 v - 3 poisoned darts
Armour
 c - a +0 buckler (worn)
 g - a +0 cloak (worn)
 h - a +0 chain mail (worn)
 p - an orb of wrath
Wands
 t - a wand of digging (4)
Scrolls
 f - 3 scrolls of teleportation
 j - 2 scrolls of magic mapping
 k - a scroll of enchant weapon
 l - 2 scrolls of vulnerability
 m - a scroll of poison
 r - a scroll of amnesia {unknown}
 x - a scroll of immolation {unknown}
 y - a scroll of blinking {unknown}
 z - a scroll of fear {unknown}
Potions
 d - 2 potions of might
 e - a potion of brilliance
 i - a potion of haste
 n - a potion of attraction
 o - a potion of magic
 q - a potion of degeneration {unknown}
 s - a potion of invisibility
 A - a potion of curing
 B - a potion of resistance {unknown}


   Skills:
 + Level 7.1 Fighting
 * Level 9.8 Axes
 + Level 5.2 Armour
 + Level 2.7 Dodging
 - Level 5.0 Shields
 + Level 5.9 Invocations


You had 8 spell levels left.
You didn't know any spells.
Your spell library contained the following spells:

 Spells                   Type           Power      Damage    Failure   Level
 Magic Dart               Conj           0%         1d3       96%         1
 Necrotise                Necr           0%         1d4       96%         1
 Call Imp                 Summ           0%         N/A       99%         2
 Sublimation of Blood     Necr           0%         N/A       99%         2
 Mephitic Cloud           Conj/Pois/Air  0%         N/A       100%        3
 Portal Projectile        Hex/Tloc       0%         N/A       100%        3
 Tukima's Dance           Hex            0%         N/A       100%        3
 Vampiric Draining        Necr           0%         2d6       100%        3
 Petrify                  Tmut/Erth      0%         N/A       100%        4
 Agony                    Necr           0%         N/A       100%        5
 Blade Hands              Tmut           0%         N/A       100%        5
 Irradiate                Conj/Tmut      0%         3d11      100%        5
 Chain Lightning          Conj/Air       0%         N/A       100%        9
 Fire Storm               Conj/Fire      0%         5d1       100%        9
 Shatter                  Erth           0%         3d5*      100%        9


Dungeon Overview and Level Annotations

Branches:
Dungeon (7/15)             Temple (0/1) D:5

Altars:
Okawaru
Qazlal
Uskayaw

Shops:
D:6 :


Message History

The wight hits you with a +5 halberd.
You hit the wight.
The wight is moderately damaged.
The wight hits you with a +5 halberd!
* * * LOW HITPOINT WARNING * * *
You completely miss the wight.
The wight is moderately damaged.
You completely miss the wight.
The wight is moderately damaged.
The wight barely misses you.
You hit the wight but do no damage.
The wight is moderately damaged.
The wight barely misses you.
You hit the wight but do no damage.
The wight is moderately damaged.
The wight hits you with a +5 halberd!
* * * LOW HITPOINT WARNING * * *
You hit the wight.
The wight is severely damaged.
You block the wight's attack.
You closely miss the wight.
The wight is severely damaged.
The wight hits you with a +5 halberd.
* * * LOW HITPOINT WARNING * * *
You closely miss the wight.
The wight is severely damaged.
You barely miss the wight.
The wight is severely damaged.
You block the wight's attack.
You hit the wight.
The wight is severely damaged.
The wight hits you with a +5 halberd.
* * * LOW HITPOINT WARNING * * *
You feel drained.
You hit the wight but do no damage.
The wight is severely damaged.
The wight hits you with a +5 halberd.
* * * LOW HITPOINT WARNING * * *
You feel drained.
You die...

#######
......z####
#@#.# ##.#
#.# #.# #.#
#########
#.#
#.......#
###.#
#.......#
#...#
#.......#
#.####


You could see a wight.

Vanquished Creatures
  Sigmund (D:4)
  A water moccasin (D:6)
  A sky beast (D:7)
  An ice beast (D:5)
  An ogre (D:5)
  2 black bears
  3 centaurs
  A bullfrog (D:6)
  2 scorpions
  A wight (D:7)
  6 hounds
  3 orc priests
  Crazy Yiuf (D:6)
  A jelly (D:5)
  A sleepcap (D:5)
  9 iguanas
  2 orc wizards
  2 adders (D:3)
  2 shadow imps (D:6)
  A white imp (D:6)
  5 ufetubi
  2 worms
  27 orcs
  7 ball pythons
  11 endoplasms
  2 giant cockroaches (D:1)
  7 goblins
  5 hobgoblins
  10 jackals
  7 quokkas
  12 bats
  4 frilled lizards
  11 kobolds
  4 rats
156 creatures vanquished.

Notes
Turn   | Place    | Note
-------+----------+-------------------------------------------
     0 | D:1      | porpoise the Hill Orc Fighter began the quest for the Orb.
     0 | D:1      | Reached XP level 1. HP: 19/19 MP: 1/1
    99 | D:1      | Reached skill level 3 in Axes
   224 | D:1      | Reached XP level 2. HP: 22/27 MP: 2/2
   550 | D:1      | Reached XP level 3. HP: 33/33 MP: 3/3
   688 | D:1      | Found a faded altar of an unknown god.
   695 | D:1      | Prayed at the altar of an unknown god.
   695 | D:1      | Became a worshipper of Qazlal Stormbringer
   695 | D:1      | Reached * piety under Qazlal
   780 | D:1      | Reached skill level 4 in Axes
   990 | D:2      | Reached skill level 1 in Invocations
   990 | D:2      | Reached XP level 4. HP: 31/40 MP: 4/4
  1218 | D:2      | Reached ** piety under Qazlal
  1687 | D:3      | Reached XP level 5. HP: 47/47 MP: 6/6
  1727 | D:3      | Found an iron altar of Okawaru.
  1766 | D:3      | Reached skill level 5 in Axes
  2635 | D:4      | Noticed Sigmund
  2642 | D:4      | Reached XP level 6. HP: 47/55 MP: 7/7
  2647 | D:4      | Killed Sigmund
  2648 | D:4      | Reached skill level 5 in Fighting
  2648 | D:4      | Reached skill level 6 in Axes
  2872 | D:4      | Reached *** piety under Qazlal
  2929 | D:4      | Identified the +2 ring mail of Shielding {rElec rN+}
  2940 | D:4      | Reached XP level 7. HP: 52/61 MP: 9/9
  3188 | D:4      | Reached skill level 5 in Shields
  3590 | D:5      | Entered Level 5 of the Dungeon
  3609 | D:5      | Reached skill level 7 in Axes
  3788 | D:5      | Reached skill level 1 in Dodging
  3894 | D:5      | Reached XP level 8. HP: 69/70 MP: 11/11
  3932 | D:5      | Found a hide-covered altar of Uskayaw.
  4055 | D:5      | Reached skill level 8 in Axes
  4095 | D:5      | HP: 2/70 [centaur/+0 mace (7)]
  4582 | D:5      | Found a staircase to the Ecumenical Temple.
  4600 | D:5      | Reached skill level 5 in Invocations
  4864 | D:6      | Reached skill level 9 in Axes
  5078 | D:6      | Found Vaniataj's Book Emporium.
  5144 | D:6      | Reached **** piety under Qazlal
  5443 | D:6      | Reached XP level 9. HP: 62/78 MP: 13/13
  5528 | D:6      | Reached skill level 5 in Armour
  5684 | D:6      | Found a runed translucent door.
  5685 | D:6      | Noticed Crazy Yiuf
  5939 | D:6      | Killed Crazy Yiuf
  6036 | D:7      | HP: 2/77 [wight/+5 halberd (4)]
  6036 | D:7      | Slain by a wight

Illustrated notes

Levels and vault maps discovered:
D:1:      kilobyte_arrival_exit_the_forest, layout_basic,
          hellmonk_ecumenical_altar_slurped_away,
          wander_ebering_terrifying_dragon_lair
D:2:      layout_loops_cross, minmay_vboxes
D:3:      layout_basic, kennysheep_okawaru_gauntlet, grunt_ministairs_5,
          roderic_roman_lattice, chequers_serial_rivers_micro_c
D:4:      layout_loops_cross, uniq_sigmund
D:5:      layout_loops_ring, mainiacjoe_overflow_alcove_2,
          minmay_temple_entry_sparse_star
D:6:      layout_loops_cross, serial_shops, shop, serial_co_window_serial,
          co_window_corner_a, co_window_corner_a, co_window_paths_b,
          co_window_paths_a, co_window_corner_a, co_window_unsneaky_path_c,
          co_window_corner_b, co_window_of_opportunity_b, co_window_2corner,
          co_window_corner_b, st_stairs_7, uniq_crazy_yiuf_cottage
D:7:      layout_loops_cross, wad_rectangle_vault

Skill      XL: |  1  2  3  4  5  6  7  8  9 |
---------------+----------------------------+-----
Axes           | 3 4 5 6 7 9 |  9.8
Fighting       | 4 5 6 7 |  7.1
Invocations    | 1 2 3 4 5 |  5.9
Shields        | 4 5 |  5.0
Dodging        | 1 2 |  2.7
Armour         | 4 5 |  5.2

Action                     |  1- 3 |  4- 6 |  7- 9 || total
---------------------------+-------+-------+-------++-------
  Melee: War axe           |    82 |    16 |       ||    98
         Hand axe          |       |   129 |   229 ||   358
  Throw: Dart              |       |     7 |       ||     7
    Use: Scroll            |       |     7 |     4 ||    11
         Potion            |       |       |     2 ||     2
 Armour: Scale mail        |    28 |       |       ||    28
         Chain mail        |    23 |    84 |    78 ||   185
  Dodge: Dodged            |    38 |    43 |    61 ||   142
  Block: Buckler           |    29 |    64 |    86 ||   179
